[Event "Titled Tuesday Blitz January 03 Late 2023"]
[White "Jarocka, Liwia"]
[Black "Mitrovic, Darko R"]
[WhiteFideId "21807558"]
[BlackFideId "927023"]
[WhiteElo "2225"]
[BlackElo "2220"]
[Result "1-0"]
[Round "08"]
[TimeControl "180+2"]
[Date "2023.01.03"]
[WhiteClock "0:01:39"]
[BlackClock "0:00:03"]

1. d4 Nf6 2. Nc3 d5 3. Bf4 e6 4. e3 Bd6 5. Bxd6 Qxd6 6. Nf3 O-O 7. Bd3 c5 8. dxc5 Qxc5 9. O-O Nc6 10. Rc1 e5 11. e4 d4 12. Ne2 Bg4 13. Ng3 Nb4 14. h3 Be6 15. a3 Nxd3 16. cxd3 Qd6 17. Ng5 Rac8 18. Nxe6 fxe6 19. Qd2 h6 20. a4 Rc6 21. Ne2 Rfc8 22. b3 Rxc1 23. Rxc1 Rxc1+ 24. Qxc1 Qc6 25. Qxc6 bxc6 26. Kf1 Nd7 27. Ke1 Nc5 28. Nc1 Na6 29. Kd2 Nb4 30. g3 g5 31. Ne2 Kf7 32. f4 gxf4 33. gxf4 Kf6 34. fxe5+ Kxe5 35. Ng1 Kf4 36. Ne2+ Ke5 37. a5 c5 38. Ng3 Nc6 39. a6 Nb4 40. Nh1 Nxa6 41. Nf2 h5 42. Nh1 Kf4 43. Ke2 Nb4 44. Nf2 Kg3 45. e5 a5 46. Ne4+ Kxh3 47. Nxc5 h4 48. Nxe6 Kg3 49. Nxd4 h3 50. Nf5+ Kg2 51. Ne3+ Kg1 52. Ng4 1-0


[Site "https://www.chess.com"]

[Event "Titled Tuesday Blitz January 03 Late 2023"]
[White "Eisa Mohmood, Alkhoori"]
[Black "Gomes, Luiz Alexandre de Souza"]
[WhiteFideId "9316116"]
[BlackFideId "2102790"]
[WhiteElo "1095"]
[BlackElo "2254"]
[Result "0-1"]
[Round "08"]
[TimeControl "180+2"]
[Date "2023.01.03"]
[WhiteClock "0:00:02"]
[BlackClock "0:00:11"]

1. e4 c5 2. Nf3 d6 3. d4 cxd4 4. Nxd4 Nf6 5. Nc3 a6 6. Bg5 e6 7. f4 Be7 8. Qf3 Nbd7 9. O-O-O Qc7 10. g4 h6 11. Bxf6 Nxf6 12. h4 Nd7 13. g5 b5 14. g6 Nc5 15. gxf7+ Kxf7 16. f5 Bf6 17. fxe6+ Nxe6 18. e5 dxe5 19. Qxa8 Nxd4 20. Bh3 Bxh3 21. Qxh8 Bf5 22. Rd2 b4 23. Nd5 Qc6 24. Rf1 Qxd5 25. Rxf5 Qh1+ 26. Rd1 Qxh4 27. Rff1 Qe4 28. Qc8 Kg6 29. Rg1+ Kh7 30. Kb1 a5 31. Qc4 a4 32. Qd3 Qxd3 33. Rxd3 h5 34. c3 bxc3 35. bxc3 Ne2 36. Rh1 h4 37. Rh2 Nf4 38. Rdd2 e4 39. Rde2 Nxe2 40. Rxe2 Bxc3 41. Rxe4 Bf6 42. Rxa4 h3 43. Ra3 Kg6 44. Rxh3 Kf5 45. Kc2 g5 46. Kd3 g4 0-1


[Site "https://www.chess.com"]

[Event "Titled Tuesday Blitz January 03 Late 2023"]
[White "Ankerst, Mihael"]
[Black "Le Goff, Ronan"]
[WhiteFideId "14602369"]
[BlackFideId "612073"]
[WhiteElo "2370"]
[BlackElo "2320"]
[Result "0-1"]
[Round "08"]
[TimeControl "180+2"]
[Date "2023.01.03"]
[WhiteClock "0:00:03"]
[BlackClock "0:01:32"]

1. e4 Nf6 2. e5 Nd5 3. d4 d6 4. f4 Bf5 5. Nf3 e6 6. Bd3 Bxd3 7. Qxd3 Nc6 8. c3 Be7 9. O-O Qd7 10. b4 a6 11. a4 Rd8 12. Qe2 O-O 13. Kh1 f6 14. Bd2 fxe5 15. b5 axb5 16. axb5 Nb8 17. fxe5 Rf5 18. Na3 Rdf8 19. Nc2 Nf4 20. Qe4 d5 21. Qe3 Qxb5 22. Rfb1 Qc6 23. Qg1 Rh5 24. Ne3 b6 25. Qf2 Qe8 26. Qg3 Ne2 27. Qf2 Nf4 28. Qg3 Kh8 29. Ng4 Ng6 30. h3 Nd7 31. Ne3 Nh4 32. Nh2 Nf5 33. Neg4 Nxg3+ 34. Kg1 Rhf5 35. Nf3 Rxf3 36. gxf3 Rxf3 37. Kg2 Rd3 38. Bf4 Nh5 39. Bh2 h6 40. Rf1 Bg5 41. Rf2 Rxc3 42. Ra7 c5 43. Rb7 cxd4 0-1


[Site "https://www.chess.com"]

[Event "Titled Tuesday Blitz January 03 Late 2023"]
[White "Bochnicka, Vladimir"]
[Black "Pace, Christopher"]
[WhiteFideId "14943450"]
[BlackFideId "2610167"]
[WhiteElo "2327"]
[BlackElo "2053"]
[Result "0-1"]
[Round "08"]
[TimeControl "180+2"]
[Date "2023.01.03"]
[WhiteClock "0:00:02"]
[BlackClock "0:00:05"]

1. e4 e5 2. Nf3 Nc6 3. Bc4 Nf6 4. d3 Be7 5. O-O d6 6. Re1 O-O 7. a4 Be6 8. Nbd2 Na5 9. Bxe6 fxe6 10. b4 Nc6 11. c3 a5 12. b5 Nb8 13. Nc4 Nfd7 14. Be3 Qe8 15. d4 exd4 16. cxd4 Qg6 17. Nfd2 d5 18. Ne5 Nxe5 19. dxe5 Nd7 20. exd5 exd5 21. Nf3 c6 22. Kh1 Kh8 23. e6 Nf6 24. bxc6 bxc6 25. Ne5 Qf5 26. Nxc6 Bd6 27. Nd4 Qg6 28. h3 Ne4 29. Kg1 Bb4 30. Re2 Nc3 31. Qc2 Nxe2+ 32. Qxe2 Bc3 33. Rc1 Bxd4 34. Bxd4 Rg8 35. e7 Rae8 36. Rc7 Qd6 37. Be5 Qb4 38. Qh5 Rxe7 39. Rc1 Rge8 40. Bc3 Qa3 41. Qg5 Kg8 42. Ra1 Qxc3 43. Rb1 Qf6 44. Qxd5+ Qf7 45. Qxa5 Re6 46. Qc3 Re2 47. Rf1 Re1 48. Rxe1 Rf8 49. Rf1 Qd7 50. Qc2 Qf7 51. Qb3 g6 0-1


[Site "https://www.chess.com"]

[Event "Titled Tuesday Blitz January 03 Late 2023"]
[White "Silva, Miguel Antonio Neto"]
[Black "Alexikov, Alexander"]
[WhiteFideId "1911929"]
[BlackFideId "14103958"]
[WhiteElo "2204"]
[BlackElo "2209"]
[Result "0-1"]
[Round "08"]
[TimeControl "180+2"]
[Date "2023.01.03"]
[WhiteClock "0:00:27"]
[BlackClock "0:00:07"]

1. Nf3 Nf6 2. b3 g6 3. Bb2 Bg7 4. e3 d6 5. c4 c5 6. d4 cxd4 7. Nxd4 O-O 8. Be2 Nc6 9. O-O Bd7 10. Na3 Rc8 11. Nab5 a6 12. Nxc6 bxc6 13. Nc3 Qa5 14. Bf3 Bf5 15. Na4 Qc7 16. c5 d5 17. Qe2 Be4 18. Rac1 Qb7 19. Nb6 Rcd8 20. Rfd1 Rfe8 21. a4 e5 22. a5 Bf5 23. g3 h5 24. Bc3 Re6 25. Qb2 e4 26. Bg2 Bg4 27. Rd2 Qe7 28. b4 Rf8 29. Bd4 Ne8 30. Nc8 Qd7 31. Nb6 Qc7 32. Bxg7 Nxg7 33. Bf1 Qb7 34. Rd4 Bf3 35. Bg2 Bxg2 36. Kxg2 Nf5 37. Rcd1 Nxd4 38. Rxd4 f5 39. Qe2 Rf7 40. h4 Kh7 41. Kf1 Rg7 42. Ke1 Kh6 43. Kd2 g5 44. hxg5+ Rxg5 45. Kc3 Rg4 46. Kb3 h4 47. gxh4 Rxh4 48. Rd1 Rg6 49. f3 Rg3 50. Rf1 Rhh3 51. Qb2 Qg7 52. Qxg7+ Kxg7 53. fxe4 Rxe3+ 54. Kb2 fxe4 55. Nd7 Re2+ 56. Kc1 Rc3+ 57. Kd1 Ra2 58. Ke1 Rc1# 0-1


[Site "https://www.chess.com"]

[Event "Titled Tuesday Blitz January 03 Late 2023"]
[White "Papayan, Oleg"]
[Black "Liu, Kelsey"]
[WhiteFideId "4193911"]
[BlackFideId "30944481"]
[WhiteElo "2253"]
[BlackElo "2065"]
[Result "1-0"]
[Round "08"]
[TimeControl "180+2"]
[Date "2023.01.03"]
[WhiteClock "0:00:02"]
[BlackClock "0:00:10"]

1. d4 Nf6 2. Nf3 e6 3. Bf4 c5 4. c3 Nc6 5. e3 Be7 6. Bd3 O-O 7. Nbd2 d6 8. h3 Re8 9. Bh2 e5 10. O-O Bf8 11. Qc2 cxd4 12. exd4 Bd7 13. Rfe1 exd4 14. Nxd4 Rc8 15. N2b3 Nb4 16. Qd2 Nxd3 17. Qxd3 a6 18. Nf5 d5 19. Nbd4 Ne4 20. Ng3 Nc5 21. Qf3 Bc6 22. Ngf5 Ne4 23. Qg4 Kh8 24. h4 Bd7 25. Qf3 Nd2 26. Qd3 Ne4 27. h5 Qg5 28. Ng3 Nxg3 29. Bxg3 Qxh5 30. Qf3 Bg4 31. Qf4 Rcd8 32. f3 Be6 33. Qc7 Rd7 34. Qe5 Bd6 35. Qxh5 Bxg3 36. Re2 Rde7 37. Nxe6 fxe6 38. Rd1 g6 39. Qg4 Be5 40. Rxe5 1-0


[Site "https://www.chess.com"]

[Event "Titled Tuesday Blitz January 03 Late 2023"]
[White "Jenkins, Drake"]
[Black "Gasparyan, David"]
[WhiteFideId "2022397"]
[BlackFideId "13311980"]
[WhiteElo "2130"]
[BlackElo "2142"]
[Result "0-1"]
[Round "08"]
[TimeControl "180+2"]
[Date "2023.01.03"]
[WhiteClock "0:00:01"]
[BlackClock "0:00:53"]

1. Nf3 Nc6 2. d4 d5 3. g3 Nf6 4. Bg2 Bf5 5. O-O e6 6. c4 Be7 7. Nc3 O-O 8. b3 Qd7 9. Bb2 Rfd8 10. Ne5 Nxe5 11. dxe5 Ne4 12. cxd5 exd5 13. Nxe4 Bxe4 14. Bxe4 dxe4 15. Qc2 Qd2 16. Rac1 e3 17. f4 Bb4 18. a3 Ba5 19. b4 Bb6 20. Bc3 Qd5 21. Qf5 c5 22. Qg4 cxb4 23. axb4 Bd4 24. Rfd1 h5 25. Qxh5 Qe4 26. e6 fxe6 27. Qg5 Rd5 28. Rxd4 Rxd4 29. Bxd4 Qxd4 0-1


[Site "https://www.chess.com"]

[Event "Titled Tuesday Blitz January 03 Late 2023"]
[White "Pesotskiy, Mikhail"]
[Black "Sariego Figueredo, Wilfredo"]
[WhiteFideId "34164453"]
[BlackFideId "3500080"]
[WhiteElo "2153"]
[BlackElo "2318"]
[Result "0-1"]
[Round "08"]
[TimeControl "180+2"]
[Date "2023.01.03"]
[WhiteClock "0:01:38"]
[BlackClock "0:00:41"]

1. d4 d5 2. c4 c6 3. Nf3 Nf6 4. Nbd2 a6 5. e3 Bf5 6. Nh4 Bg6 7. Nxg6 hxg6 8. Bd3 e6 9. Nf3 Bd6 10. h3 b5 11. cxd5 cxd5 12. O-O Nbd7 13. Bd2 O-O 14. Rc1 Qe7 15. Ba5 e5 16. dxe5 Nxe5 17. Bc3 Nxf3+ 18. Qxf3 Ne4 19. Rfd1 Rfc8 20. Bd4 Qe6 21. Qg4 f5 22. Qe2 Rxc1 23. Rxc1 Rc8 24. Rxc8+ Qxc8 25. Qc2 Qb8 26. Qb3 Bh2+ 27. Kf1 Nd2+ 28. Ke2 Nxb3 29. axb3 Be5 0-1


[Site "https://www.chess.com"]

[Event "Titled Tuesday Blitz January 03 Late 2023"]
[White "Hernandez Bonilla, Amelia"]
[Black "Forgacs, Attila Jr."]
[WhiteFideId "3900193"]
[BlackFideId "773654"]
[WhiteElo "1960"]
[BlackElo "2264"]
[Result "0-1"]
[Round "08"]
[TimeControl "180+2"]
[Date "2023.01.03"]
[WhiteClock "0:00:02"]
[BlackClock "0:00:44"]

1. d4 Nf6 2. Nf3 g6 3. c4 Bg7 4. g3 O-O 5. Bg2 d6 6. O-O Nbd7 7. Nc3 e5 8. e3 c6 9. b4 Re8 10. Bb2 Qc7 11. Rc1 a5 12. b5 c5 13. dxe5 dxe5 14. Qe2 e4 15. Nd2 Nb6 16. Ndxe4 Nxe4 17. Nxe4 Bxb2 18. Qxb2 Nd7 19. Rfd1 Qe5 20. Qxe5 Nxe5 21. Nf6+ Kf8 22. Nxe8 Kxe8 23. Rd5 f6 24. f4 Nd7 25. Rcd1 Ke7 26. Bh3 Nb6 27. Bxc8 Nxd5 28. Bxb7 Nc3 29. Rd3 Rb8 30. Bc6 Na4 31. Rd7+ Ke6 32. Rxh7 Nb6 33. a4 Nxc4 34. Ra7 Nxe3 35. Rxa5 c4 36. Kf2 Nf5 37. Ke2 Nd4+ 38. Ke3 Nf5+ 39. Kd2 Kd6 40. Kc3 Kc5 41. Bg2 Ne3 42. Bf3 Rd8 43. Ra6 Rd3+ 44. Kb2 Rb3+ 45. Kc1 c3 46. Rc6+ Kd4 47. b6 c2 0-1


[Site "https://www.chess.com"]

[Event "Titled Tuesday Blitz January 03 Late 2023"]
[White "Smith, Garrett L"]
[Black "Dinu, Dumitru-Daniel"]
[WhiteFideId "2024829"]
[BlackFideId "1208403"]
[WhiteElo "2047"]
[BlackElo "2203"]
[Result "0-1"]
[Round "08"]
[TimeControl "180+2"]
[Date "2023.01.03"]
[WhiteClock "0:01:34"]
[BlackClock "0:01:32"]

1. e4 c5 2. a3 Nc6 3. b4 cxb4 4. axb4 d5 5. b5 Nd4 6. Bb2 e5 7. exd5 Qxd5 8. Nc3 Qe6 9. Nge2 Nf6 10. d3 Bb4 11. Ba3 Nd5 12. Bxb4 Nxb4 13. Nxd4 exd4+ 14. Ne2 O-O 15. Qd2 Nd5 16. g3 Re8 17. Bg2 Nc3 18. Bf3 Qf5 19. Qf4 Qxf4 20. gxf4 Nxe2 21. Bxe2 Bg4 0-1


[Site "https://www.chess.com"]

[Event "Titled Tuesday Blitz January 03 Late 2023"]
[White "Fernandez Hernandez, Gerardo"]
[Black "Roman, Rodrigo"]
[WhiteFideId "2207400"]
[BlackFideId "3701220"]
[WhiteElo "2181"]
[BlackElo "2058"]
[Result "1-0"]
[Round "08"]
[TimeControl "180+2"]
[Date "2023.01.03"]
[WhiteClock "0:00:16"]
[BlackClock "0:00:45"]

1. e4 c5 2. d3 Nc6 3. g3 g6 4. Bg2 Bg7 5. f4 e5 6. Nf3 d6 7. O-O Nge7 8. f5 gxf5 9. Nh4 f4 10. Qh5 Ng6 11. Nf5 Qf6 12. Nc3 Nce7 13. gxf4 exf4 14. Nxg7+ Qxg7 15. Bxf4 Nxf4 16. Rxf4 Rg8 17. Rf2 Bg4 18. Qh4 Bf3 19. Qh3 Bxg2 20. Rxg2 Qd4+ 21. Kh1 Rxg2 22. Qxg2 O-O-O 23. Rf1 Rg8 24. Qf2 Qxf2 25. Rxf2 Rg7 26. Nb5 Kd7 27. Nxa7 f5 28. exf5 Rf7 29. f6 Nd5 30. Nb5 Nxf6 31. Nc3 Ke6 32. Ne4 Nxe4 33. Rxf7 Kxf7 34. dxe4 Kf6 35. Kg2 Ke5 36. Kf3 b5 37. c3 h6 38. b3 b4 39. cxb4 cxb4 40. Ke3 h5 41. h4 Ke6 42. Kd4 Kf6 43. Kd5 Ke7 44. e5 dxe5 45. Kxe5 Kf7 46. Kf5 1-0


[Site "https://www.chess.com"]

[Event "Titled Tuesday Blitz January 03 Late 2023"]
[White "Aung Thant Zin"]
[Black "Kostiukov, Alexandr"]
[WhiteFideId "13000063"]
[BlackFideId "14108100"]
[WhiteElo "2268"]
[BlackElo "2271"]
[Result "0-1"]
[Round "08"]
[TimeControl "180+2"]
[Date "2023.01.03"]
[WhiteClock "0:00:40"]
[BlackClock "0:01:09"]

1. e4 c5 2. Nf3 g6 3. d4 cxd4 4. Nxd4 Bg7 5. Nc3 Nc6 6. Be3 Nf6 7. f3 O-O 8. Be2 d5 9. Nxc6 bxc6 10. e5 Nd7 11. f4 e6 12. Na4 Nxe5 13. fxe5 Qh4+ 14. g3 Qxa4 15. Bc5 Re8 16. O-O Bxe5 17. c3 Qa5 18. b4 Qc7 19. Kg2 Bxc3 20. Rc1 Bg7 21. Bf3 e5 22. b5 e4 23. Be2 Be6 24. Be3 d4 25. Rxc6 Qd7 26. Bf4 Bh3+ 27. Kg1 d3 28. Rf2 dxe2 29. Qxe2 e3 0-1


[Site "https://www.chess.com"]

[Event "Titled Tuesday Blitz January 03 Late 2023"]
[White "Weisz, Bryan"]
[Black "Tamarozi, Isabelle"]
[WhiteFideId "30934133"]
[BlackFideId "2132400"]
[WhiteElo "1973"]
[BlackElo "1982"]
[Result "1-0"]
[Round "08"]
[TimeControl "180+2"]
[Date "2023.01.03"]
[WhiteClock "0:00:08"]
[BlackClock "0:00:01"]

1. e3 g6 2. f3 Bg7 3. g3 d5 4. h3 c5 5. d3 Nc6 6. c3 e5 7. b3 Nf6 8. a3 e4 9. dxe4 O-O 10. exd5 Nxd5 11. Ne2 Re8 12. e4 Ne5 13. Bg2 Nf6 14. O-O Nd3 15. Be3 Be6 16. Qc2 c4 17. bxc4 Bxc4 18. Rd1 Qd6 19. Nf4 Rad8 20. Bf1 Bh6 21. Bxd3 Bxf4 22. Bxf4 Bxd3 23. Qf2 Qa6 24. Nd2 Nh5 25. Be3 Qd6 26. f4 Qa6 27. e5 Ng7 28. Nb3 b6 29. Nd4 Bc4 30. a4 Ne6 31. Nc6 Rxd1+ 32. Rxd1 Qxa4 33. Rd6 Qb3 34. g4 Qxc3 35. f5 Qa1+ 36. Kh2 Nc5 37. fxg6 Qf1 38. gxf7+ Kh8 39. fxe8=Q+ 1-0


[Site "https://www.chess.com"]

[Event "Titled Tuesday Blitz January 03 Late 2023"]
[White "Desideri, Ricardo Maruchi"]
[Black "Rego, Vinicius V. de Almeida"]
[WhiteFideId "2110440"]
[BlackFideId "2106485"]
[WhiteElo "1959"]
[BlackElo "2238"]
[Result "0-1"]
[Round "08"]
[TimeControl "180+2"]
[Date "2023.01.03"]
[WhiteClock "0:00:11"]
[BlackClock "0:00:15"]

1. e4 c5 2. Nf3 Nc6 3. d4 cxd4 4. Nxd4 Nf6 5. Nc3 d6 6. Be3 Ng4 7. Qd2 Nxe3 8. Qxe3 Qb6 9. O-O-O Nxd4 10. Rxd4 e6 11. Bb5+ Bd7 12. Bxd7+ Kxd7 13. Rhd1 Be7 14. e5 d5 15. Nxd5 exd5 16. Rxd5+ Ke8 17. Qg3 g6 18. Qg4 Qc6 19. R1d3 Kf8 20. Rd7 h5 21. Qh3 Bg5+ 22. Kb1 Kg7 23. f4 Bxf4 24. e6 Rhf8 25. Rf3 Rac8 26. Rc3 Qe4 27. Rxc8 Qe1+ 0-1


[Site "https://www.chess.com"]

[Event "Titled Tuesday Blitz January 03 Late 2023"]
[White "Mazurkiewicz, Michal"]
[Black "Savic, Miroslav"]
[WhiteFideId "1124943"]
[BlackFideId "14508494"]
[WhiteElo "2145"]
[BlackElo "2167"]
[Result "1-0"]
[Round "08"]
[TimeControl "180+2"]
[Date "2023.01.03"]
[WhiteClock "0:01:28"]
[BlackClock "0:00:03"]

1. e4 c5 2. Nf3 d6 3. g3 Nf6 4. d3 g6 5. Bg2 Bg7 6. O-O O-O 7. Re1 Nc6 8. e5 dxe5 9. Nxe5 Nxe5 10. Rxe5 Nd7 11. Re1 Rb8 12. Nd2 b5 13. Ne4 Bb7 14. c3 Ne5 15. Bf4 f5 16. Bxe5 Bxe5 17. Nxc5 Bxg2 18. Rxe5 Qd6 19. d4 Bd5 20. Qe2 Rf7 21. a3 Rbf8 22. f4 Ba8 23. h4 Qc6 24. Kh2 a5 25. Re1 b4 26. axb4 axb4 27. cxb4 Rb8 28. d5 Qd6 29. Rxe7 Qxd5 30. Re8+ Rxe8 31. Qxe8+ Kg7 32. Qe5+ Qxe5 33. fxe5 f4 34. gxf4 Rxf4 35. Ne6+ Kh6 36. Nxf4 1-0


[Site "https://www.chess.com"]

[Event "Titled Tuesday Blitz January 03 Late 2023"]
[White "Souza, Gustavo Horokoski De"]
[Black "Jorajuria Mendoza, Algol"]
[WhiteFideId "2146584"]
[BlackFideId "5128897"]
[WhiteElo "1943"]
[BlackElo "2069"]
[Result "1/2-1/2"]
[Round "08"]
[TimeControl "180+2"]
[Date "2023.01.03"]
[WhiteClock "0:00:03"]
[BlackClock "0:00:35"]

1. d4 d5 2. c4 e6 3. Nc3 Bb4 4. cxd5 exd5 5. Nf3 c5 6. e3 Nc6 7. dxc5 Qa5 8. Bd2 Nf6 9. a3 Bxc3 10. Bxc3 Qxc5 11. Rc1 Qe7 12. Bb5 O-O 13. O-O Bg4 14. Be2 Ne4 15. Nd4 Bxe2 16. Nxe2 Rfd8 17. Nd4 Ne5 18. Nf5 Qf6 19. Ng3 Qe6 20. Qd4 Nxg3 21. hxg3 f6 22. Rfd1 Rd7 23. Qa4 b6 24. Rd4 Rad8 25. Rcd1 Nc6 26. R4d2 Ne5 27. Bd4 Nc4 28. Rd3 h5 29. Bc3 Ne5 30. R3d2 Ng4 31. e4 dxe4 32. Rxd7 Re8 33. Rd8 Rxd8 34. Rxd8+ Kh7 35. Qe8 Qf5 36. Qh8+ Kg6 37. Qe8+ Kh7 38. Qg8+ Kg6 39. Qe8+ Kh7 1/2-1/2


[Site "https://www.chess.com"]

[Event "Titled Tuesday Blitz January 03 Late 2023"]
[White "Hernandez Sanchez, Elvis De La Caridad"]
[Black "Lock, Gavin R"]
[WhiteFideId "6400353"]
[BlackFideId "408646"]
[WhiteElo "2243"]
[BlackElo "2083"]
[Result "1-0"]
[Round "08"]
[TimeControl "180+2"]
[Date "2023.01.03"]
[WhiteClock "0:00:39"]
[BlackClock "0:00:46"]

1. e4 c5 2. Nf3 a6 3. Be2 b5 4. O-O Bb7 5. d4 cxd4 6. Nxd4 e5 7. Nf5 d5 8. exd5 Qxd5 9. Qxd5 Bxd5 10. Nc3 Be6 11. Bf3 Ra7 12. Ne3 Nf6 13. Re1 Nbd7 14. a4 b4 15. Ncd5 Bc5 16. c3 bxc3 17. Nxc3 O-O 18. Rb1 Rb8 19. Ned5 Nxd5 20. Nxd5 Bd4 21. Ne7+ Kf8 22. Nc6 Raa8 23. Nxd4 exd4 24. Bf4 Rc8 25. Bxa8 Rxa8 26. b4 Nf6 27. b5 axb5 28. axb5 Nd5 29. Bd6+ Ke8 30. b6 1-0


[Site "https://www.chess.com"]

[Event "Titled Tuesday Blitz January 03 Late 2023"]
[White "Cruz Gomez, Miguel Angel"]
[Black "Papp, Petra"]
[WhiteFideId "5137160"]
[BlackFideId "739049"]
[WhiteElo "1950"]
[BlackElo "2343"]
[Result "0-1"]
[Round "08"]
[TimeControl "180+2"]
[Date "2023.01.03"]
[WhiteClock "0:00:20"]
[BlackClock "0:00:25"]

1. Nf3 Nf6 2. c4 g6 3. Nc3 Bg7 4. g3 O-O 5. Bg2 c6 6. O-O d5 7. d4 e6 8. Qc2 Nbd7 9. e4 dxe4 10. Nxe4 Nxe4 11. Qxe4 Nf6 12. Qe2 Bd7 13. Bf4 Rc8 14. Rfd1 Qb6 15. Bd6 Rfe8 16. Ne5 Qd8 17. Ba3 Bf8 18. Bxf8 Rxf8 19. b4 Be8 20. Rd2 Nd7 21. Nf3 Qb6 22. a3 a5 23. c5 Qa7 24. Rb1 axb4 25. axb4 Nf6 26. Ne5 Nd5 27. Qg4 Qa3 28. b5 Nc3 29. Re1 Nxb5 30. h3 Qc3 31. Qd1 Rd8 32. Re3 Qb4 33. Re4 Nc3 34. Qe2 Nxe2+ 0-1


[Site "https://www.chess.com"]

[Event "Titled Tuesday Blitz January 03 Late 2023"]
[White "Foerster-Yialamas, Lucas"]
[Black "Harish, Neeraj"]
[WhiteFideId "30901774"]
[BlackFideId "30958130"]
[WhiteElo "2151"]
[BlackElo "2232"]
[Result "0-1"]
[Round "08"]
[TimeControl "180+2"]
[Date "2023.01.03"]
[WhiteClock "0:01:17"]
[BlackClock "0:00:40"]

1. c4 Nf6 2. Nc3 g6 3. e4 e5 4. d4 d6 5. dxe5 dxe5 6. Qxd8+ Kxd8 7. Nf3 Nc6 8. Bg5 Be7 9. O-O-O+ Ke8 10. c5 Be6 11. Bb5 Nd7 12. Bxe7 Kxe7 13. Bxc6 bxc6 14. Nxe5 Nxe5 15. f4 Nd7 16. f5 gxf5 17. exf5 Bxf5 18. Rhe1+ Be6 19. Ne4 Rhg8 20. g3 Rab8 21. Rd4 Rb5 22. Rxd7+ Bxd7 23. Nd6+ Be6 24. Nxb5 cxb5 25. a3 Rg5 26. b4 Rh5 27. Re2 Rf5 28. Re3 Rf1+ 29. Kd2 Rf2+ 30. Re2 Rxe2+ 31. Kxe2 Kf6 32. Kd3 Ke5 33. Ke3 c6 34. Kd3 Kd5 35. h4 h5 36. Ke3 Kc4 37. Kf4 Kb3 38. Kg5 Bg4 39. Kf6 Kxa3 40. Kxf7 Kxb4 41. Ke7 Kxc5 42. Kd8 b4 43. Kc7 b3 44. Kb7 b2 45. Ka8 b1=Q 46. Kxa7 Bc8 47. Ka8 Qb7# 0-1


[Site "https://www.chess.com"]

[Event "Titled Tuesday Blitz January 03 Late 2023"]
[White "Guevara Sanchez, Erick Marvin"]
[Black "Gardezi, Arsal"]
[WhiteFideId "6700136"]
[BlackFideId "30949521"]
[WhiteElo "2073"]
[BlackElo "2093"]
[Result "1/2-1/2"]
[Round "08"]
[TimeControl "180+2"]
[Date "2023.01.03"]
[WhiteClock "0:00:35"]
[BlackClock "0:00:41"]

1. e4 e6 2. d4 d5 3. Nc3 dxe4 4. Nxe4 Nd7 5. Nf3 b6 6. c3 Bb7 7. Bd3 Ngf6 8. Nxf6+ Nxf6 9. Bg5 Be7 10. Qd2 h6 11. Bf4 Rc8 12. O-O Bxf3 13. gxf3 Qd5 14. Qe3 Qh5 15. Bg3 Nd5 16. Qe2 Qg5 17. Qe5 Bf6 18. Qxg5 hxg5 19. Kh1 c5 20. Bb5+ Ke7 21. dxc5 Rxc5 22. c4 Nb4 23. a3 Nc2 24. Rac1 Nd4 25. b4 Rcc8 26. Ba6 Rcd8 27. Bb7 g6 28. c5 Bg7 29. c6 f5 30. c7 Rd7 31. c8=Q Rxc8 32. Bxc8 Rd8 33. Rc7+ Kf8 34. h4 f4 35. Bh2 Nxf3 36. hxg5 Be5 37. Rc2 Nxh2 38. Kxh2 f3+ 39. Kh3 Ke7 40. Rfc1 Rf8 41. Rc4 Rh8+ 42. Kg4 Rh2 43. Kxf3 Rh3+ 44. Kg4 Rxa3 45. Bb7 Rd3 46. f4 Bd6 47. Be4 Rd2 48. Bxg6 Rf2 49. f5 Rg2+ 50. Kh4 Rh2+ 51. Kg4 Rg2+ 52. Kf3 Rxg5 53. Re4 e5 54. Ra1 a5 55. bxa5 bxa5 56. Rg4 e4+ 57. Kxe4 Rxg4+ 58. Kd5 Rg2 59. Rxa5 Rd2+ 60. Ke4 Re2+ 61. Kf3 Re5 62. Ra7+ Kf6 63. Rf7+ Kg5 64. Rh7 Kf6 65. Rd7 Rd5 66. Rf7+ Kg5 67. Rd7 Rd1 68. Bh7 Rd4 69. Bg8 Rf4+ 70. Ke3 Be5 71. Be6 Bf6 72. Rd1 Rg4 73. Rf1 Bd4+ 74. Kd3 Bf6 75. Ke3 Rg3+ 76. Rf3 Rxf3+ 77. Kxf3 Be5 78. Ke4 Bf6 79. Kd5 Be7 80. Kc6 Bf6 81. Kd7 Ba1 82. Ke8 Bf6 83. Kf7 Ba1 84. Bd7 Bf6 85. Be8 Ba1 86. Bd7 Bf6 87. Be6 Ba1 88. Ke8 Bf6 89. Kd7 Ba1 90. Kc6 Bf6 91. Kd5 Ba1 92. Ke4 Bf6 93. Kf3 Ba1 94. Kg3 Bf6 95. Kh3 Ba1 96. Kg2 Bf6 97. Kf1 Ba1 98. Ke2 Bf6 99. Kd3 Ba1 100. Kc2 Bf6 101. Kb1 Bg7 102. Kc2 Bf6 103. Kd3 Bg7 104. Ke3 Bf6 105. Ke4 Bg7 106. Kd5 Bf6 107. Kd6 Ba1 108. Kd7 Bf6 109. Ke8 Ba1 110. Kf7 Bf6 111. Kg8 Ba1 112. Kf8 Bf6 113. Ke8 Ba1 114. Kd8 Bf6+ 115. Kc8 Ba1 116. Kb8 Bf6 117. Ka8 Ba1 118. Ka7 Bf6 119. Kb6 Ba1 120. Kc5 1/2-1/2


[Site "https://www.chess.com"]

[Event "Titled Tuesday Blitz January 03 Late 2023"]
[White "Slavin, Alexey"]
[Black "Vargas, Mauricio"]
[WhiteFideId "24104388"]
[BlackFideId "4404572"]
[WhiteElo "2364"]
[BlackElo "2035"]
[Result "1-0"]
[Round "08"]
[TimeControl "180+2"]
[Date "2023.01.03"]
[WhiteClock "0:02:32"]
[BlackClock "0:02:12"]

1. e4 c6 2. d4 d5 3. e5 Bf5 4. Nf3 e6 5. Be2 h6 6. O-O Nd7 7. c3 c5 8. a3 Ne7 9. b4 cxd4 10. cxd4 Nc8 11. Nbd2 Be7 12. Nb3 O-O 13. Be3 Ncb6 14. Rc1 Rc8 15. Nc5 Na8 16. Nxb7 Qb6 17. Nc5 a5 18. Nxd7 Qa7 19. Nxf8 Bxf8 20. Rxc8 1-0


[Site "https://www.chess.com"]

[Event "Titled Tuesday Blitz January 03 Late 2023"]
[White "Schill, William"]
[Black "Sabar, Ethmane Daouda"]
[WhiteFideId "2016710"]
[BlackFideId "19600097"]
[WhiteElo "2147"]
[BlackElo "2040"]
[Result "1-0"]
[Round "08"]
[TimeControl "180+2"]
[Date "2023.01.03"]
[WhiteClock "0:00:37"]
[BlackClock "0:00:55"]

1. e4 c5 2. Nf3 Nc6 3. c3 Nf6 4. e5 Nd5 5. Bc4 Nb6 6. Bb3 d5 7. exd6 Qxd6 8. d4 Bg4 9. dxc5 Qxc5 10. Be3 Qh5 11. Nbd2 Ne5 12. Nxe5 Bxd1 13. Bxf7+ Qxf7 14. Nxf7 Kxf7 15. Rxd1 Nd5 16. O-O e6 17. Nc4 g6 18. Bd4 Bg7 19. Nd6+ Kg8 20. Nxb7 Rb8 21. Nc5 Rxb2 22. Bxg7 Kxg7 23. Nxe6+ Kf6 24. Rxd5 Kxe6 25. Ra5 Rc8 26. Rxa7 Rxc3 27. a4 Ra3 28. Re1+ Kf6 29. Rxh7 Rxa4 30. Rh3 g5 31. Rf3+ Kg6 32. h3 Rab4 33. Re6+ Kh5 34. g4+ Rxg4+ 35. hxg4+ Kxg4 36. Rg3+ Kf4 37. Ree3 g4 38. Kg2 Ra2 39. Ra3 Rb2 40. Ra4+ Kf5 41. Raxg4 Rb8 42. Rg8 Kf4 43. Rxb8 1-0


[Site "https://www.chess.com"]

[Event "Titled Tuesday Blitz January 03 Late 2023"]
[White "Clawitter, Craig"]
[Black "Oliveira, Tiago Batista"]
[WhiteFideId "2023105"]
[BlackFideId "2108291"]
[WhiteElo "2050"]
[BlackElo "1991"]
[Result "1-0"]
[Round "08"]
[TimeControl "180+2"]
[Date "2023.01.03"]
[WhiteClock "0:00:21"]
[BlackClock "0:00:25"]

1. e4 c5 2. Nf3 d6 3. d4 cxd4 4. Nxd4 Nf6 5. Nc3 a6 6. Be3 e6 7. g4 Qc7 8. g5 Nfd7 9. f4 Nc6 10. Bg2 b5 11. O-O Bb7 12. f5 Nxd4 13. Qxd4 e5 14. Qd2 f6 15. a4 b4 16. Nd5 Bxd5 17. Qxd5 Rc8 18. c3 Qc4 19. cxb4 Qxd5 20. exd5 fxg5 21. Bxg5 Be7 22. Be3 Rb8 23. Bd2 O-O 24. Rac1 Rfc8 25. Rc6 Nb6 26. b3 Rxc6 27. dxc6 d5 28. a5 Nc8 29. Bxd5+ Kf8 30. c7 Rb5 31. Be6 Na7 32. Be3 Nc8 33. Bxc8 Rxb4 34. Bd7 1-0


[Site "https://www.chess.com"]